 Dungeon Crawl Stone Soup version 0.28-a0-305-g9e858e973b (webtiles) character file.

Game seed: 17359836465903620822

1250 lunkers the Grappler (level 8, -2/80 HPs)
             Began as a Troll Cinder Acolyte on Aug 29, 2021.
             Was a High Priest of Ignis.
             Slain by Edmund (12 damage)
             ... on level 5 of the Dungeon.
             The game lasted 00:06:03 (4315 turns).

lunkers the Grappler (Troll Cinder Acolyte)         Turns: 4315, Time: 00:06:04

Health: -2/80      AC:  5    Str: 25    XL:     8   Next: 26%
Magic:  3/8        EV:  9    Int:  9    God:    Ignis [*****.]
Gold:   211        SH:  0    Dex:  6    Spells: 8/9 levels left

rFire   + . .      SeeInvis .     - Unarmed
rCold   . . .      Faith    .   (no shield)
rNeg    . . .      Spirit   .   a - +0 robe
rPois   .          Reflect  .   (helmet restricted)
rElec   .          Harm     .   h - +0 cloak
rCorr   .          Rampage  .   (gloves unavailable)
Will    .....                   (boots unavailable)
Stlth   +.........              (no amulet)
HPRegen 1.23/turn               (no ring)
MPRegen 0.11/turn               (no ring)

@: lethally poisoned (-2 -> -9), very slightly contaminated
A: large, unfitting armour, claws 3, regeneration 1, shaggy fur 1, tough skin 1
a: Renounce Religion, Sea of Fire, Foxfire Swarm, Rising Flame


You were on level 5 of the Dungeon.
You worshipped Ignis.
Ignis was extremely pleased with you.
You visited 1 branch of the dungeon, and saw 7 of its levels.

You collected 211 gold pieces.

Inventory:

Armour
 a - a +0 robe (worn)
 h - a +0 cloak (worn)
 s - a scarf of invisibility
Wands
 r - a wand of iceblast (7)
Scrolls
 b - 3 scrolls of identify {unknown}
 c - a scroll of blinking {unknown}
 d - 5 scrolls of magic mapping {unknown}
 g - 2 scrolls of summoning {unknown}
 k - 4 scrolls of teleportation {unknown}
 l - a scroll of noise {unknown}
 n - 2 scrolls of enchant armour {unknown}
 o - 2 scrolls of torment {unknown}
Potions
 e - 2 potions of haste {unknown}
 f - a potion of degeneration {unknown}
 i - a potion of brilliance {unknown}
 j - 2 potions of curing {unknown}
 m - a potion of flight {unknown}
 p - a potion of magic {unknown}
 q - a potion of cancellation {unknown}
 t - a potion of mutation {unknown}


   Skills:
 + Level 5.3 Fighting
 * Level 8.7 Unarmed Combat
 - Level 1.0 Spellcasting
 - Level 0.6 Fire Magic


You had 8 spell levels left.
You knew the following spells:

 Your Spells              Type           Power      Damage    Failure   Level
p - Foxfire               Conj/Fire      0%         2x1d4     32%         1

Your spell library contained the following spells:

 Spells                   Type           Power      Damage    Failure   Level
 Fireball                 Conj/Fire      0%         3d3       100%        5
 Iskenderun's Battlesphe  Conj           0%         2d6       100%        5
 Conjure Ball Lightning   Conj/Air       0%         3x3d6     100%        6
 Orb of Destruction       Conj           0%         N/A       100%        7


Dungeon Overview and Level Annotations

Branches:
Dungeon (7/15)             Temple (0/1) D:5

Altars:
Hepliaklqana
Trog
Xom

Shops:
D:4 **[

Annotations:
D:5 Edmund


Innate Abilities, Weirdness & Mutations

You are too large for most types of armour.
You have claws for hands.
Your natural rate of healing is unusually fast.
You are covered in fur. (AC +1)
You have tough skin. (AC +1)


Message History

You are more poisoned.
You scratch Edmund.
Edmund is moderately wounded.
You feel very sick.
You are too injured to fight recklessly!
You are too injured to fight recklessly!
You are too injured to fight recklessly!
You are too injured to fight recklessly!
Unknown command.
You scratch Edmund but do no damage.
Edmund is moderately wounded.
You feel very sick.
Edmund hits you with a +4 dire flail of venom!
* * * LOW HITPOINT WARNING * * *
You are more poisoned.
You mangle Edmund!!
Edmund is severely wounded.
* * * LOW HITPOINT WARNING * * *
You feel extremely sick. Edmund barely misses you.
You barely miss Edmund.
Edmund is severely wounded.
* * * LOW HITPOINT WARNING * * *
You feel extremely sick. Edmund barely misses you.
You scratch Edmund but do no damage.
Edmund is severely wounded.
* * * LOW HITPOINT WARNING * * *
You feel very sick. Edmund closely misses you.
You barely miss Edmund.
Edmund is severely wounded.
* * * LOW HITPOINT WARNING * * *
You feel very sick.
Edmund drinks a potion.
Edmund is healed!
You mangle Edmund!!
Edmund is severely wounded.
You feel very sick.
Edmund hits you with a +4 dire flail of venom!
You die...

..+..#.......#......+
#.....'..
..#..#.......'......#
#..####..
..#'##.......########
#..# §#
...................#
#..# §#
...................+
...# .#
..............†....#
....# .+
...<...............#
.....# .#
##.................#
..##+# .#
.#..............@@.#
.#....#'##########.....[
.#....#..........#......
.#....#..........# .....
.#....'..........# ...
.'..(.#..........# ..
##....############ .
######


You could see Edmund.

Vanquished Creatures
  Sigmund (D:4)
  Menkaure (D:5)
  A necrophage (D:5)
  An ogre (D:4)
  2 bullfrogs (D:6)
  A scorpion (D:4)
  A centaur zombie (D:7)
  A hound (D:6)
  3 jellies
  A gnoll shaman (D:3)
  Terence (D:3)
  3 iguanas
  Natasha (thrice) (D:3)
  A killer bee zombie (D:6)
  A hound skeleton (D:5)
  6 gnolls (D:4)
  7 adders
  3 ufetubi
  An adder skeleton (D:4)
  A worm (D:4)
  6 dart slugs
  7 orcs
  5 bats
  8 endoplasms
  3 giant cockroaches (D:4)
  3 goblins
  6 hobgoblins
  4 jackals (D:4)
  5 kobolds
  4 quokkas
  6 ball pythons
  4 frilled lizards
  A quokka skeleton (D:4)
  7 rats
109 creatures vanquished.

Vanquished Creatures (others)
  171 foxfires
171 creatures vanquished.

Grand Total: 280 creatures vanquished

Notes
Turn   | Place    | Note
-------+----------+-------------------------------------------
     0 | D:1      | lunkers the Troll Cinder Acolyte began the quest for the
                  | Orb.
     0 | D:1      | Reached XP level 1. HP: 22/22 MP: 1/1
   117 | D:1      | Reached XP level 2. HP: 29/29 MP: 2/2
   224 | D:1      | Found a faded altar of an unknown god.
   478 | D:1      | Reached XP level 3. HP: 35/36 MP: 3/3
   766 | D:2      | Found a bloodstained altar of Trog.
   897 | D:2      | Reached skill level 4 in Unarmed Combat
  1335 | D:3      | Noticed Natasha
  1339 | D:3      | Killed Natasha
  1340 | D:3      | Reached XP level 4. HP: 41/45 MP: 4/4
  1378 | D:3      | Found a hazy altar of Hepliaklqana.
  1379 | D:3      | Found a shimmering altar of Xom.
  1380 | D:3      | Noticed a spectral ugly thing
  1431 | D:3      | Noticed Natasha
  1441 | D:3      | Killed Natasha
  1454 | D:3      | Reached skill level 5 in Unarmed Combat
  1454 | D:3      | Reached XP level 5. HP: 42/53 MP: 5/5
  1503 | D:3      | Noticed Terence
  1511 | D:3      | Killed Terence
  1552 | D:3      | Noticed Natasha
  1558 | D:3      | Killed Natasha
  2125 | D:4      | Found Hobb's Armour Boutique.
  2179 | D:4      | Reached XP level 6. HP: 59/62 MP: 0/6
  2289 | D:4      | Reached skill level 6 in Unarmed Combat
  2640 | D:4      | Noticed Sigmund
  2657 | D:4      | Killed Sigmund
  2658 | D:4      | Reached XP level 7. HP: 43/70 MP: 5/7
  2733 | D:4      | You fall into a shaft and drop 3 floors!
  2748 | D:7      | Reached skill level 7 in Unarmed Combat
  3243 | D:5      | Entered Level 5 of the Dungeon
  3377 | D:5      | Found a staircase to the Ecumenical Temple.
  3649 | D:4      | Found Elicuq's Assorted Antiques.
  3670 | D:4      | Reached skill level 8 in Unarmed Combat
  3674 | D:4      | Found Tarchet's Assorted Antiques.
  3689 | D:4      | Reached skill level 5 in Fighting
  3689 | D:4      | Reached XP level 8. HP: 80/80 MP: 2/8
  3999 | D:5      | Noticed Menkaure
  4104 | D:5      | Killed Menkaure
  4299 | D:5      | Noticed Edmund
  4315 | D:5      | Slain by Edmund

Illustrated notes

Levels and vault maps discovered:
D:1:      nzn_arrival_crosshair, layout_basic, hellmonk_ecumenical_altar_blasted
D:2:      layout_basic, basic_altar, minmay_misc_feat_nine_boxes
D:3:      layout_basic, regret_index_temple_of_mockery, minmay_diced_spiral,
          uniq_natasha, uniq_terence
D:4:      layout_cave_pools, serial_shops, nicolae_lakefront_shop,
          nicolae_stop_n_shop_1, nicolae_shop_behind_doors,
          hangedman_abyss_or_decor_lesser_grid, kennysheep_another_room,
          uniq_sigmund
D:5:      layout_gridville, fedhas_altar_fruit_tree, temple_statues,
          uniq_menkaure, uniq_edmund
D:6:      layout_cave_pools, grunt_temple_overflow_bloody_war
D:7:      minmay_slanted_spiral_squares, layout_basic, minmay_statues_item,
          nicolae_sextant

Skill      XL: |  1  2  3  4  5  6  7 |
---------------+----------------------+-----
Unarmed Combat | 4 5 6 8 |  8.7
Fighting       | 3 4 5 |  5.3
Spellcasting   | |  1.0
Fire Magic     | |  0.6

Action                   |  1- 3 |  4- 6 |  7- 9 || total
-------------------------+-------+-------+-------++-------
Melee: Unarmed           |   117 |   102 |    73 ||   292
       Punch             |     2 |     2 |     2 ||     6
 Cast: Foxfire           |       |    46 |    55 ||   101
Armor: Robe              |    44 |    28 |    34 ||   106
Dodge: Dodged            |    55 |    39 |    62 ||   156

Table legend: (Time is in decaauts)
 A = Elapsed time spent in this place.
 B = Non-inter-level travel time spent in this place.
 C = Inter-level travel time spent in this place.
 D = Time resting spent in this place.
 E = Time spent auto-exploring this place.
 F = Levels seen in this place.
 G = Mean time per level.
                   A        B        C        D        E       F      G
               +--------+--------+--------+--------+--------+-----+--------+
         Total |   4288 |   4144 |    144 |     74 |   3331 |   7 |  612.6 |
       Dungeon |   4288 |   4144 |    144 |     74 |   3331 |   7 |  612.6 |
               +--------+--------+--------+--------+--------+-----+--------+

Top non-repeatable levels by time:
     D:4: 1128 daAuts
     D:3: 867 daAuts
     D:1: 728 daAuts
     D:5: 541 daAuts
     D:2: 517 daAuts
     D:6: 424 daAuts
     D:7: 79 daAuts
